 Dungeon Crawl Stone Soup version 0.24-a0-252-g5076262 (webtiles) character file.

Game seed: 140444204542186739

179606 Inarius the Severer (level 17, -8/231 HPs)
             Began as a Minotaur Monk on Apr 17, 2019.
             Was the Champion of Qazlal.
             Mangled by an entropy weaver (10 damage)
             ... on level 2 of the Lair of Beasts.
             The game lasted 01:18:40 (30062 turns).

Inarius the Severer (Minotaur Monk)                Turns: 30062, Time: 01:18:41

Health: -8/231     AC: 17    Str: 28    XL:     17   Next: 61%
Magic:  24/24      EV: 16    Int:  7    God:    Qazlal [******]
Gold:   2010       SH:  8    Dex: 13    Spells: 16/16 levels left

rFire    + . .     SeeInvis .   b - +7 mace of Variability {chain chaos}
rCold    + + .     Gourm    .   (shield currently unavailable)
rNeg     + . .     Faith    .   L - +0 scale mail of Contentment {Regen+ Str+2}
rPois    +         Spirit   .   (helmet restricted)
rElec    .         Reflect  .   A - +2 cloak {rC+}
rCorr    .         Harm     .   N - +2 pair of gloves
MR       ++...                  l - +0 pair of boots
Stlth    ..........             Z - amulet "Bomm" {rF+ rN+ Regen+}
HPRegen  1.28/turn              F - ring of poison resistance
MPRegen  0.19/turn              W - ring of Segem {+Fly rC+ MR+ Dex-2}

@: berserking, lethally poisoned (-8 -> -39), protected from physical damage,
corroded, repel missiles, very quick
A: retaliatory headbutt, horns 2
a: Upheaval, Elemental Force, Disaster Area, Renounce Religion, Evoke Flight


You were on level 2 of the Lair of Beasts.
You worshipped Qazlal.
Qazlal was exalted by your worship.
You were not hungry.

You visited 7 branches of the dungeon, and saw 29 of its levels.
You visited 1 bazaar.
You also visited: Ice Cave.

You collected 3437 gold pieces.
You spent 1427 gold pieces at shops.

Inventory:

Hand Weapons
 a - a +8 antimagic broad axe
 b - the +7 mace of Variability (weapon) {chain chaos}
   (You found it on level 12 of the Dungeon)

   Each time it hits an enemy it has a different, random effect.
 P - the +7 great mace "Undeadhunter" {disrupt, rN+}
   (You found it on level 3 of the Swamp)

   It protects you from negative energy.
Missiles
 o - 15 javelins (quivered)
Armour
 l - a +0 pair of boots (worn)
 y - a +0 shield
 A - a +2 cloak of cold resistance (worn)
 L - the +0 scale mail of Contentment (worn) {Regen+ Str+2}
   (You took it off a big kobold on level 8 of the Dungeon)

   It affects your strength (+2).
   It increases your rate of regeneration.
 N - a +2 pair of gloves (worn)
Jewellery
 f - an uncursed ring of fire
 m - an uncursed ring of ice
 F - a ring of poison resistance (left hand)
 O - a +4 ring of evasion
 R - an uncursed ring of see invisible
 W - the ring of Segem (right hand) {+Fly rC+ MR+ Dex-2}
   (You bought it in a shop on level 12 of the Dungeon)

   [ring of protection from magic]

   It affects your dexterity (-2).
   It protects you from cold.
   It affects your resistance to hostile enchantments.
   It lets you fly.
 X - an uncursed amulet of guardian spirit
 Y - a +5 amulet of reflection
 Z - the amulet "Bomm" (around neck) {rF+ rN+ Regen+}
   (You found it on level 3 of the Swamp)

   [amulet of regeneration]

   It protects you from fire.
   It protects you from negative energy.
   It increases your rate of regeneration.
Wands
 q - a wand of digging (10)
 s - a wand of paralysis (8)
 t - a wand of polymorph (16)
 G - a wand of flame (50)
 J - a wand of disintegration (8)
 Q - a wand of acid (11)
 U - a wand of clouds (2)
Scrolls
 j - 2 scrolls of fog
 k - 4 scrolls of teleportation
 n - a scroll of fear
 r - a scroll of immolation
 v - 10 scrolls of remove curse
 x - 7 scrolls of enchant armour
 z - a scroll of magic mapping
 C - 3 scrolls of blinking
 H - 3 scrolls of silence
 I - 3 scrolls of amnesia
 M - a scroll of identify
Potions
 d - a potion of heal wounds
 e - 3 potions of mutation
 g - 4 potions of might
 h - 2 potions of lignification
 i - 6 potions of flight
 p - 7 potions of curing
 u - 3 potions of brilliance
 B - a potion of agility
 D - a potion of invisibility
 E - a potion of ambrosia
 K - 4 potions of berserk rage
 V - a potion of cancellation
Miscellaneous
 w - a phial of floods
 S - a lightning rod (4/4)
Comestibles
 c - 51 rations


   Skills:
 + Level 14.3 Fighting
 - Level 20.2(22.4) Axes
 * Level 18.0(21.4) Maces & Flails
 * Level 12.5 Armour
 * Level 9.4 Dodging
 - Level 2.0 Stealth
 * Level 11.6 Invocations
 * Level 10.6 Evocations


You had 16 spell levels left.
You didn't know any spells.
Your spell library contained the following spells:

 Spells                   Type           Power        Failure   Level  Hunger
 Confusing Touch          Hex            #.....       63%         1    ##.....
 Corona                   Hex            #......      63%         1    ##.....
 Shock                    Conj/Air       #...         63%         1    ##.....
 Sting                    Conj/Pois      #...         63%         1    ##.....
 Summon Small Mammal      Summ           #...         63%         1    ##.....
 Call Imp                 Summ           #.......     77%         2    ###....
 Corpse Rot               Necr           N/A          77%         2    ###....
 Ensorcelled Hibernation  Hex/Ice        #.....       77%         2    ###....
 Poisonous Vapours        Pois/Air       #.....       77%         2    ###....
 Shroud of Golubria       Chrm/Tloc      #.........   77%         2    ###....
 Song of Slaying          Chrm           #.......     77%         2    ###....
 Sublimation of Blood     Necr           #.........   77%         2    ###....
 Swiftness                Chrm/Air       #.......     77%         2    ###....
 Call Canine Familiar     Summ           #.......     94%         3    ####...
 Confuse                  Hex            #.......     94%         3    ####...
 Conjure Flame            Conj/Fire      #.......     94%         3    ####...
 Dazzling Spray           Conj/Hex       #.....       94%         3    ####...
 Gell's Gravitas          Tloc           #.........   94%         3    ####...
 Mephitic Cloud           Conj/Pois/Air  #.......     94%         3    ####...
 Recall                   Summ/Tloc      N/A          94%         3    ####...
 Static Discharge         Conj/Air       #.......     94%         3    ####...
 Summon Guardian Golem    Hex/Summ       #.......     94%         3    ####...
 Tukima's Dance           Hex            #.......     94%         3    ####...
 Airstrike                Air            #.........   100%        4    #####..
 Animate Dead             Necr           N/A          100%        4    #####..
 Cause Fear               Hex            #.........   100%        4    #####..
 Olgreb's Toxic Radiance  Pois           #.......     100%        4    #####..
 Petrify                  Tmut/Erth      #.......     100%        4    #####..
 Summon Ice Beast         Ice/Summ       #.......     100%        4    #####..
 Summon Lightning Spire   Summ/Air       #.......     100%        4    #####..
 Agony                    Necr           #.......     100%        5    ######.
 Bolt of Draining         Conj/Necr      #.........   100%        5    ######.
 Borgnjor's Vile Clutch   Necr/Erth      #.........   100%        5    ######.
 Dispel Undead            Necr           #.......     100%        5    ######.
 Excruciating Wounds      Chrm/Necr      #.........   100%        5    ######.
 Iskenderun's Battlesphe  Conj/Chrm      #.......     100%        5    ######.
 Lightning Bolt           Conj/Air       #.........   100%        5    ######.
 Metabolic Englaciation   Hex/Ice        #.........   100%        5    ######.
 Silence                  Hex/Air        #.........   100%        5    ######.
 Venom Bolt               Conj/Pois      #.........   100%        5    ######.
 Yara's Violent Unravell  Hex/Tmut       #.........   100%        5    ######.
 Death Channel            Necr           #.........   100%        6    #######
 Deflect Missiles         Chrm/Air       #.........   100%        6    #######
 Freezing Cloud           Conj/Ice/Air   #.........   100%        6    #######
 Simulacrum               Ice/Necr       #.........   100%        6    #######
 Ring of Flames           Chrm/Fire      #.........   100%        7    #######
 Discord                  Hex            #.........   100%        8    #######


Dungeon Overview and Level Annotations

Branches:
Dungeon (15/15)            Temple (1/1) D:4            Lair (5/6) D:10
  Swamp (3/4) Lair:3       Spider (1/4) Lair:2        Slime (0/5) Lair:5
    Orc (2/2) D:12            Elf (2/3) Orc:2        Vaults (0/5) D:14
 Depths (0/5) D:15

Altars:
Ashenzari
Dithmenos
Elyvilon
Fedhas
Gozag
Kikubaaqudgha
Makhleb
Nemelex Xobeh
Okawaru
Qazlal
Trog
Xom
Zin
Beogh
Jiyva

Shops:
D:9 %   D:12 ?(=   D:13 *   D:15 [   Orc:1 (   Orc:2 (*[}   Elf:2 (


Innate Abilities, Weirdness & Mutations

You reflexively headbutt those who attack you in melee.
You have a pair of horns on your head.


Message History

Unknown command.
You are too berserk!
You are too berserk!
Unknown command.
Unknown command.
You completely miss the entropy weaver.
The entropy weaver is heavily wounded.
* * * LOW HITPOINT WARNING * * *
You feel very sick.
The wolf spider is engulfed in freezing vapours.
The wolf spider hits you but does no damage.
The wolf spider bites you but does no damage.
The jumping spider closely misses you. You furiously retaliate!
You headbutt the jumping spider. The jumping spider barely misses you.
The wolf spider closely misses you. You block the wolf spider's attack.
The entropy weaver hits you but does no damage.
You block the entropy weaver's attack.
The entropy weaver hits you but does no damage.
The entropy weaver hits you!
You die...

.## #.)# #..## #...####...P# .#
#..# #...# #...# #..####
.####..####..P########## #..####
.##......P.....##^###### ##...#..
...............###†#.#.###.......
.............P###†###^#.##.......
(..#.#...#.#..##†#######^#.P###..
...##...#####.○°ss#^#^#....P###.#
..####..# ##..≈y@a☼#^#.....##..##
...###..###...≈†ss#.#^#.......###
...##.........##.###^#.#.#.......
..............###^###^#[##.......
.........(.....#.#.#^#.#^########
..##P#.........############ ##
...###.....P....#########.## #.
..###......................# ##
..###.P....................# #


You could see an entropy weaver, 2 wolf spiders, a moth of wrath, a jumping
spider (berserk) and a redback.

Vanquished Creatures
  A sphinx (D:12)
  Kirke (Orc:2)
  A thorn hunter (Swamp:3)
  A frost giant (IceCv)
  A deep elf elementalist (Elf:1)
  4 ghouls (D:13)
  The ghost of PeterMcNeter the Cleaver, a journeyman DDFi of Makhleb (Lair:5)
  A deep elf demonologist (Elf:1)
  A minotaur (Lair:1)
  A deep elf death mage (Elf:1)
  An ettin (D:12)
  2 yaktaur captains
  Erolcha (D:9)
  7 ogre magi
  Harold (D:8)
  10 hydras
  The ghost of Protee the Thaumaturge, a journeyman GnSk of Cheibriados (Lair:1)
  A catoblepas (Lair:3)
  7 alligators
  5 centaur warriors
  The ghost of DavidChitty2 the Cleaver, a novice HOFi of Yredelemnul (D:7)
  A satyr (Swamp:1)
  28 two-headed ogres
  10 dancing weapons
  4 spriggans (Swamp:3)
  15 deep elf knights
  A skeletal warrior (D:13)
  An unseen horror (D:15)
  8 deep elf archers
  2 flayed ghosts (D:14)
  2 swamp dragons
  The ghost of nikopol the Thaumaturge, a novice DEFE of Vehumet (D:7)
  A wizard (D:10)
  3 necromancers (Elf:1)
  An orc sorcerer (Orc:2)
  5 wolf spiders
  4 orc knights
  9 ugly things
  The ghost of Friable the Skirmisher, a novice OgBe of Trog (D:7)
  A large abomination (Elf:1)
  4 cyclopes
  37 deep elf magi
  2 moths of wrath (Lair:5)
  2 manticores
  3 black mambas
  Joseph (D:8)
  An ice statue (IceCv)
  Psyche (D:7)
  8 centaur skeletons
  2 gargoyles
  2 torpor snails (Lair:5)
  2 rime drakes
  13 spiny frogs
  2 yaktaurs
  8 komodo dragons
  A rime drake (shapeshifter) (Elf:2)
  2 kobold demonologists (D:13)
  A guardian mummy (D:13)
  8 jumping spiders (Lair:2)
  19 tyrant leeches
  15 polar bears (IceCv)
  9 trolls
  8 blink frogs
  Prince Ribbit (D:6)
  13 hornets
  9 bog bodies
  9 hippogriffs
  23 slime creatures
  12 redbacks
  A centaur simulacrum (D:14)
  3 tarantellas
  3 wyverns
  6 water elementals
  37 yaks
  2 vampires (D:14)
  3 wraiths
  Eustachio (D:5)
  4 hogs
  3 hungry ghosts
  A basilisk (Lair:2)
  A steam dragon (D:11)
  2 fire elementals (Elf:1)
  8 vampire mosquitoes
  A warg (Orc:2)
  21 swamp worms
  2 acid dragons
  15 water moccasins
  10 porcupines
  A soldier ant (D:12)
  15 ice beasts
  4 phantoms
  Duvessa (D:6)
  19 orc warriors
  7 swamp drakes
  An eye of draining (D:11)
  10 centaurs
  2 sky beasts
  41 ogres
  21 wolves
  2 elf zombies (Elf:1)
  9 big kobolds
  13 crocodiles
  3 earth elementals (Elf:1)
  A wyvern zombie (D:13)
  20 bullfrogs
  A gnoll sergeant (Orc:2)
  6 scorpions
  Dowan (D:6)
  6 killer bees (D:9)
  5 wights (D:10)
  3 howler monkeys
  2 electric eels
  8 bullfrog zombies
  3 crimson imps
  5 centaur zombies
  2 jellies
  12 hounds
  2 gnoll shamans (D:7)
  16 orc priests
  3 bullfrog skeletons
  12 orc wizards
  5 iguanas
  14 worker ants
  4 hell rats (Lair:4)
  A hound zombie (D:5)
  2 hound skeletons
  2 mummies (D:13)
  2 howler monkey zombies
  2 worker ant zombies
  18 gnolls
  12 adders
  3 oozes
  5 worms
  5 dart slugs
  10 leopard geckos
  91 orcs
  4 bats
  7 giant cockroaches
  4 goblins
  15 hobgoblins
  5 jackals
  2 quokkas
  2 ball pythons (D:3)
  3 frilled lizards
  30 kobolds
  10 rats
  A butterfly (Lair:2)
1006 creatures vanquished.

Vanquished Creatures (collateral kills)
  A fire giant (D:10)
  A two-headed ogre (Orc:1)
  A crocodile (Lair:1)
3 creatures vanquished.

Vanquished Creatures (others)
  A deep elf death mage (Elf:1)
  An alligator (Swamp:3)
  The ghost of xeno23 the Slicer, a novice OpAs of Uskayaw (D:7)
  2 deep elf magi
  A necromancer (Elf:1)
  An ugly thing (Swamp:3)
  3 yaks (D:12)
  A sky beast (D:12)
  An orc warrior (D:12)
  3 orc wizards
  An orc (D:12)
  4 fungi
  5 plants
  A withered plant (D:13)
26 creatures vanquished.

Grand Total: 1035 creatures vanquished

Notes
Turn   | Place    | Note
-------+----------+-------------------------------------------
     0 | D:1      | Inarius the Minotaur Monk began the quest for the Orb.
     0 | D:1      | Reached XP level 1. HP: 19/19 MP: 0/0
   318 | D:1      | Reached XP level 2. HP: 21/27 MP: 1/1
   417 | D:1      | Reached skill level 4 in Axes
   971 | D:1      | Reached XP level 3. HP: 33/33 MP: 2/2
  1461 | D:2      | Reached XP level 4. HP: 35/41 MP: 3/3
  1689 | D:2      | Reached skill level 5 in Axes
  2436 | D:3      | Reached skill level 1 in Armour
  2436 | D:3      | Reached XP level 5. HP: 47/47 MP: 4/4
  2664 | D:3      | Noticed an ogre
  2678 | D:3      | Killed an ogre
  2678 | D:3      | Reached skill level 6 in Axes
  2678 | D:3      | Reached XP level 6. HP: 53/53 MP: 5/5
  3139 | D:4      | Found a staircase to the Ecumenical Temple.
  3227 | D:4      | Reached skill level 7 in Axes
  3352 | Temple   | Entered the Ecumenical Temple
  3362 | Temple   | Became a worshipper of Qazlal Stormbringer
  3362 | Temple   | Reached * piety under Qazlal
  3362 | Temple   | Reached ** piety under Qazlal
  3608 | D:4      | Reached skill level 1 in Evocations
  3608 | D:4      | Reached XP level 7. HP: 38/60 MP: 6/6
  3884 | D:5      | Entered Level 5 of the Dungeon
  3917 | D:5      | Reached skill level 5 in Fighting
  4030 | D:5      | Reached skill level 1 in Invocations
  4041 | D:5      | Reached skill level 8 in Axes
  4459 | D:5      | Reached *** piety under Qazlal
  4459 | D:5      | Reached XP level 8. HP: 68/68 MP: 8/8
  4552 | D:5      | Reached skill level 9 in Axes
  4712 | D:5      | Found a bloodstained altar of Trog.
  4943 | D:5      | Noticed Eustachio
  4973 | D:5      | Killed Eustachio
  5074 | D:6      | Noticed Prince Ribbit
  5076 | D:6      | Reached skill level 10 in Axes
  5218 | D:6      | Killed Prince Ribbit
  5245 | D:6      | Noticed Dowan
  5254 | D:6      | Killed Dowan
  5263 | D:6      | Noticed Duvessa
  5478 | D:6      | Killed Duvessa
  5611 | D:6      | Reached XP level 9. HP: 66/75 MP: 10/10
  6497 | D:7      | Reached skill level 5 in Armour
  6515 | D:7      | Found a runed translucent gate.
  6515 | D:7      | Found a runed translucent gate.
  6515 | D:7      | Found a runed translucent gate.
  6515 | D:7      | Noticed nikopol's ghost (novice DEFE)
  6515 | D:7      | Noticed DavidChitty2's ghost (novice HOFi)
  6516 | D:7      | Noticed Friable's ghost (novice OgBe)
  6516 | D:7      | Noticed xeno23's ghost (novice OpAs)
  6542 | D:7      | Reached skill level 11 in Axes
  6675 | D:7      | Reached **** piety under Qazlal
  7376 | D:8      | Noticed Psyche
  7672 | D:8      | Reached skill level 12 in Axes
  7684 | D:7      | Killed Psyche
  8209 | D:8      | Identified the cursed +0 scale mail of Contentment {Regen+
                  | Str+2}
  8526 | D:8      | Noticed Harold
  8546 | D:8      | Killed Harold
  8546 | D:8      | Reached skill level 13 in Axes
  8546 | D:8      | Reached XP level 10. HP: 65/84 MP: 12/12
  8673 | D:9      | Noticed Joseph
  8677 | D:9      | Noticed Erolcha
  8781 | D:8      | Reached skill level 5 in Invocations
  8932 | D:8      | Killed Joseph
  8932 | D:8      | Reached ***** piety under Qazlal
  8932 | D:8      | Reached skill level 14 in Axes
  9113 | D:9      | Killed Erolcha
  9113 | D:9      | Reached XP level 11. HP: 92/92 MP: 14/14
  9157 | D:9      | Reached skill level 5 in Evocations
  9497 | D:9      | Found Cerpheej's Food Shop.
  9651 | D:10     | Entered Level 10 of the Dungeon
  9797 | D:10     | Reached skill level 15 in Axes
  9813 | D:10     | Noticed a wizard
  9823 | D:10     | Noticed a deep elf archer
  9827 | D:10     | Killed a wizard
  9838 | D:10     | Noticed a yaktaur captain
  9849 | D:10     | Killed a deep elf archer
  9851 | D:10     | Killed a yaktaur captain
 10023 | D:10     | Noticed a deep elf knight
 10032 | D:10     | Killed a deep elf knight
 10138 | D:10     | Noticed a fire giant
 10150 | D:10     | Killed a fire giant
 10222 | D:10     | Reached skill level 16 in Axes
 10275 | D:10     | Identified the Papyrus of Good Luck
 10440 | D:10     | Found a staircase to the Lair.
 10655 | D:11     | Reached XP level 12. HP: 103/103 MP: 5/16
 10700 | D:11     | Found a frozen archway.
 10719 | D:11     | Reached skill level 5 in Dodging
 10746 | IceCv    | Entered an ice cave
 11051 | IceCv    | Reached ****** piety under Qazlal
 11190 | IceCv    | Reached skill level 17 in Axes
 11433 | IceCv    | Noticed a frost giant
 11448 | IceCv    | Killed a frost giant
 12537 | D:12     | Paralysed by a hornet for 2 turns
 12635 | D:12     | Noticed a centaur warrior
 12643 | D:12     | Killed a centaur warrior
 12643 | D:12     | Reached skill level 18 in Axes
 12643 | D:12     | Reached XP level 13. HP: 79/112 MP: 5/17
 12705 | Lair:1   | Entered Level 1 of the Lair of Beasts
 12762 | Lair:1   | Reached skill level 10 in Fighting
 12923 | Lair:1   | Noticed a minotaur
 12924 | Lair:1   | Noticed Protee's ghost (journeyman GnSk)
 13069 | Lair:1   | Found a runed translucent gate.
 13069 | Lair:1   | Found a runed translucent gate.
 13069 | Lair:1   | Found a runed translucent gate.
 13891 | Lair:1   | Killed Protee's ghost
 13894 | Lair:1   | Killed a minotaur
 14164 | Lair:2   | Found a hole to the Spider Nest.
 15328 | Lair:3   | Found a staircase to the Swamp.
 16189 | Lair:4   | Reached skill level 19 in Axes
 16442 | Lair:4   | Reached XP level 14. HP: 119/124 MP: 6/19
 16978 | Lair:5   | Found a staircase to the Slime Pits.
 17442 | Lair:5   | Found a viscous altar of Jiyva.
 17722 | Lair:5   | Found a runed translucent door.
 17723 | Lair:5   | Noticed PeterMcNeter's ghost (journeyman DDFi)
 18061 | Lair:5   | Killed PeterMcNeter's ghost
 18293 | D:12     | Found Lugyuvun's Weapon Boutique.
 18320 | D:12     | Found a large runed translucent door.
 18324 | D:12     | Found a large runed translucent door.
 18330 | D:12     | Found Goux's Jewellery Shoppe.
 18346 | D:12     | Bought the ring of Segem {+Fly rC+ MR+ Dex-2} for 516 gold
                  | pieces
 18431 | D:12     | Found the +7 mace of Variability {chain chaos}
 18775 | D:12     | Found a gateway to a bazaar.
 18992 | D:12     | Found Vanod's Magic Scroll Shop.
 18998 | D:12     | Bought a scroll of identify for 22 gold pieces
 19016 | D:12     | Identified the cursed +1 ring mail of Walo {Int+4} (You
                  | found it on level 12 of the Dungeon)
 19168 | D:12     | Found a roughly hewn altar of Beogh.
 19168 | D:12     | Found a staircase to the Orcish Mines.
 19361 | D:12     | Reached skill level 10 in Armour
 19368 | D:12     | Noticed a sphinx
 19431 | D:12     | Killed a sphinx
 19465 | D:12     | Found a burning altar of Makhleb.
 19468 | D:12     | Found an opulent altar of Gozag.
 19509 | Orc:1    | Entered Level 1 of the Orcish Mines
 19681 | Orc:2    | Entered Level 2 of the Orcish Mines
 19681 | Orc:2    | Found a staircase to the Elven Halls.
 20411 | Orc:1    | Found Jomej's Weapon Shoppe.
 20697 | Orc:2    | Reached skill level 20 in Axes
 20754 | Orc:2    | Reached XP level 15. HP: 107/134 MP: 7/21
 20960 | Orc:2    | Found a roughly hewn altar of Beogh.
 21013 | Orc:2    | Found Ihialug's Armour Boutique.
 21013 | Orc:2    | Found Jowkyo's Gadget Emporium.
 21014 | Orc:2    | Found Notuwkir's Weapon Shoppe.
 21014 | Orc:2    | Found Poadghaty's Assorted Antiques.
 21025 | Orc:2    | Bought a scroll of enchant weapon for 195 gold pieces
 21025 | Orc:2    | Bought a potion of heal wounds for 130 gold pieces
 21429 | Bazaar   | Entered a bazaar
 21429 | Bazaar   | Found Dolalos's Distillery.
 21437 | Bazaar   | Bought a potion of heal wounds for 45 gold pieces
 21441 | Bazaar   | Found Uzxyled's Weapon Shop.
 21453 | Bazaar   | Found Isilol's Jewellery Shop.
 21487 | Bazaar   | Found Punweobb's Food Boutique.
 21531 | Bazaar   | Bought an uncursed amulet of guardian spirit for 210 gold
                  | pieces
 21618 | D:13     | Reached skill level 10 in Invocations
 21799 | D:13     | Reached skill level 5 in Maces & Flails
 22224 | D:13     | Found Ocokuuro's General Store.
 22230 | D:13     | Bought a potion of heal wounds for 75 gold pieces
 22734 | D:7      | Killed Friable's ghost
 22742 | D:7      | Killed xeno23's ghost
 22744 | D:7      | Killed nikopol's ghost
 22754 | D:7      | Killed DavidChitty2's ghost
 23177 | D:14     | Reached skill level 10 in Maces & Flails
 23283 | D:14     | Found a gate to the Vaults.
 23949 | D:15     | Entered Level 15 of the Dungeon
 24376 | D:15     | Reached XP level 16. HP: 108/144 MP: 17/22
 24735 | D:15     | Found an opulent altar of Gozag.
 24942 | D:15     | Found a staircase to the Depths.
 24988 | D:15     | Found Heuv Wuy's Armour Shop.
 25164 | Elf:1    | Entered Level 1 of the Elven Halls
 25164 | Elf:1    | Noticed Kirke
 25271 | Orc:2    | Killed Kirke
 25271 | Orc:2    | Reached skill level 15 in Maces & Flails
 25934 | Elf:1    | Reached skill level 10 in Evocations
 26276 | Elf:1    | Identified the Handbook of the Magi
 26937 | Elf:2    | Noticed a deep elf blademaster
 26949 | Elf:2    | Found Semi's Antique Weapon Emporium.
 27003 | Elf:2    | Reached XP level 17. HP: 117/151 MP: 7/24
 27248 | Orc:2    | Bought a scroll of teleportation for 78 gold pieces
 27248 | Orc:2    | Bought a scroll of teleportation for 78 gold pieces
 27248 | Orc:2    | Bought a scroll of teleportation for 78 gold pieces
 27422 | Swamp:1  | Entered Level 1 of the Swamp
 28360 | Swamp:2  | You fall through a shaft!
 28451 | Swamp:3  | Got a twitching diamond amulet
 28452 | Swamp:3  | Identified the amulet "Bomm" {rF+ rN+ Regen+} (You found it
                  | on level 3 of the Swamp)
 29294 | Swamp:3  | Found the +7 great mace "Undeadhunter" {disrupt, rN+}
 29821 | Spider:1 | Entered Level 1 of the Spider Nest
 30061 | Lair:2   | HP: 4/231 [wolf spider (26)]
 30062 | Lair:2   | Mangled by an entropy weaver

Levels and vault maps discovered:
D:1:      dpeg_chamrin_arrival_tetris, layout_basic, minmay_misc_feat_tiny
D:2:      minmay_wonky_spiral, layout_basic
D:3:      layout_basic
D:4:      layout_rooms, minmay_temple_entry_mini_moons
D:5:      layout_loops_cross, lemuel_crystal_altar, first_ration,
          chequers_serial_rivers_micro_e, serial_park_tiny_pond,
          hangedman_decor_riveting, serial_park_tiny_1,
          hangedman_decor_peaks_small, uniq_eustachio
D:6:      layout_loops_ring, minmay_misc_feat_tower, uniq_duvessa,
          uniq_prince_ribbit1
D:7:      kennysheep_housing_project, layout_basic, gammafunk_ghost_cemetery
D:8:      layout_loops_ring, blue_anna_alchemist [blue_anna_fruit_fields,
          blue_anna_fruit_fields], uniq_harold, uniq_psyche
D:9:      layout_rooms, serial_shops, nicolae_shop_trees, st_stairs_14,
          nicolae_straight_to_the_point, uniq_joseph, uniq_erolcha
D:10:     minmay_chopped_fan, layout_irregular_city, erik_lair_island
D:11:     layout_gridville, portal_ice_cave_entry_ice_beasts, minmay_hedge_maze
D:12:     layout_layer_cave, david_orc_5, serial_shops, freezing_bzr, shop,
          nicolae_shop_trees, nicolae_shop_crystal, jmf_multi_god_temple2
D:13:     layout_stronghold, serial_undead, serial_undead_b, serial_undead_d,
          serial_undead_e, serial_undead_e, serial_undead_e, serial_undead_a,
          serial_undead_a, serial_undead_f, serial_shops, shop, drop_trap,
          minmay_misc_feat_square, chequers_serial_rivers_small_b,
          hangedman_decor_lopped, minmay_misc_feat_more_columns
D:14:     evilmike_diamond_2, layout_rooms, david_vaults_1,
          minmay_misc_feat_four_crosses
D:15:     grunt_enter_depths_snipers, layout_loops_cross, bh_walls_and_bars,
          serial_shops, shop, lemuel_tele_altar
Temple:   grunt_wide_crystal_templ
Lair:1:   layout_layer_cave, maelrawn_ghost_gauntlet_escape
Lair:2:   layout_small_grid, nicolae_spider_entry_tight_spaces,
          lemuel_fruit_fields
Lair:3:   layout_roguey, nicolae_swamp_entry_splash_gauntlet,
          infiniplex_staircase_pool_2
Lair:4:   layout_cave_pods, cheibrodos_lair_reptile_den
Lair:5:   layout_cave_shapes, slime_altar_1, ebering_ghost_reflecting_pool,
          worms_lemuel, grunt_megastairs_3
Swamp:1:  layout_basic_swamp, evilmike_swamp_ruin_rubble_1
Swamp:2:  layout_falls_marsh, evilmike_swamp_ruin_house_3
Swamp:3:  layout_basic_swamp, nicolae_swamp_round_clearing
Spider:1: layout_spider_delve, uniq_aizul
Orc:1:    layout_caves, serial_shops, shop
Orc:2:    st_orc_ogre_mass, layout_caves, basic_altar
Elf:1:    elf_arrival_002, layout_loops_cross, minmay_elf_necromancy, uniq_kirke
Elf:2:    layout_loops_cross, serial_shops, nicolae_shop_waterfront
Bazaar:   bazaar_kb_twisted_cavern
IceCv:    ice_cave_small_giant

Skill      XL: |  1  2  3  4  5  6  7  8  9 10 11 12 13 14 15 16 17 |
---------------+----------------------------------------------------+-----
Fighting       | 4 5 6 7 8 9 11 12 13 14 | 14.3
Axes           | 4 5 6 7 8 10 13 14 16 18 19 20 | 20.2
Stealth        | 2 |  2.0
Armour         | 1 2 3 4 6 7 8 9 10 11 12 | 12.5
Dodging        | 4 5 6 7 8 9 |  9.4
Evocations     | 1 2 4 5 6 7 8 9 10 | 10.6
Invocations    | 1 3 4 5 6 7 8 9 10 11 | 11.6
Maces & Flails | 13 16 18 | 18.0

Action                   |  1- 3 |  4- 6 |  7- 9 | 10-12 | 13-15 | 16-18 || total
-------------------------+-------+-------+-------+-------+-------+-------++-------
Melee: Hand axe          |    61 |    80 |    60 |       |    12 |       ||   213
       Headbutt          |    10 |    33 |    85 |   119 |   240 |   117 ||   604
       War axe           |     3 |   110 |   356 |   284 |       |       ||   753
       Broad axe         |       |       |       |   307 |   723 |    43 ||  1073
       Great mace        |       |       |       |       |   311 |   596 ||   907
Invok: Elemental Force   |       |       |       |     1 |     2 |     1 ||     4
 Abil: Evoke Flight      |       |       |       |       |       |     1 ||     1
Evoke: Wand              |       |       |     9 |     9 |    31 |    10 ||    59
       Phial of floods   |       |       |       |       |       |     2 ||     2
       Lightning rod     |       |       |       |       |       |     1 ||     1
  Use: Scroll            |     2 |     6 |    10 |     5 |    11 |    19 ||    53
       Potion            |       |     2 |       |     5 |     3 |     7 ||    17
 Stab: Sleeping          |     2 |       |       |       |       |       ||     2
       Paralysed         |       |       |       |       |     8 |     6 ||    14
       Confused          |       |       |       |       |     1 |     1 ||     2
       Petrifying        |       |       |       |       |     1 |       ||     1
  Eat: Chunk             |    11 |     9 |    16 |    24 |    30 |    12 ||   102
       Ration            |       |       |       |       |       |     2 ||     2
Armor: Robe              |     4 |       |       |       |       |       ||     4
       Leather armour    |     9 |    10 |       |       |       |       ||    19
       Chain mail        |       |    61 |       |    76 |       |       ||   137
       Skin              |       |     9 |       |       |       |       ||     9
       Plate armour      |       |    52 |   260 |       |       |       ||   312
       Scale mail        |       |       |     3 |   164 |   276 |   228 ||   671
Dodge: Dodged            |    39 |    72 |    63 |   185 |   405 |   424 ||  1188
       Deflected         |       |       |     5 |     9 |    13 |    31 ||    58
Block: Other             |       |     1 |     4 |       |   102 |   216 ||   323
       Shield            |       |       |   226 |   455 |   478 |       ||  1159

Table legend:
 A = Non-vault XP
 B = Vault XP
 C = Vault XP percentage of total XP
 D = Non-vault monster count
 E = Vault monster count
 F = Vault count percentage of total count
                 A         B        C        D         E       F
            +---------+---------+-------+---------+---------+-------
      Total |  157484 |  104031 |  39.8 |     711 |     306 |  30.1
            +---------+---------+-------+---------+---------+-------
        D:1 |      43 |       0 |   0.0 |      23 |       0 |   0.0
        D:2 |      95 |       1 |   1.0 |      20 |       1 |   4.8
        D:3 |     286 |       0 |   0.0 |      35 |       0 |   0.0
        D:4 |     325 |       0 |   0.0 |      14 |       0 |   0.0
        D:5 |     888 |     196 |  18.1 |      35 |       1 |   2.8
        D:6 |     643 |     476 |  42.5 |      17 |       3 |  15.0
        D:7 |     509 |    3789 |  88.2 |      13 |      35 |  72.9
        D:8 |    3697 |    1523 |  29.2 |      36 |       3 |   7.7
        D:9 |    1493 |    1039 |  41.0 |      25 |       2 |   7.4
       D:10 |    2683 |    6147 |  69.6 |      30 |      21 |  41.2
       D:11 |    2349 |    1049 |  30.9 |      23 |       8 |  25.8
       D:12 |    3808 |    7382 |  66.0 |      24 |      28 |  53.8
       D:13 |    3385 |   10003 |  74.7 |      23 |      17 |  42.5
       D:14 |    5241 |   12138 |  69.8 |      22 |      31 |  58.5
       D:15 |   21761 |    2326 |   9.7 |      46 |       3 |   6.1
     Lair:1 |    4389 |    2600 |  37.2 |      22 |       5 |  18.5
     Lair:2 |    9932 |    2117 |  17.6 |      32 |       7 |  17.9
     Lair:3 |    2945 |    1342 |  31.3 |      10 |       7 |  41.2
     Lair:4 |    5902 |     925 |  13.5 |      32 |       8 |  20.0
     Lair:5 |    2862 |    8432 |  74.7 |      13 |      25 |  65.8
    Swamp:1 |    9773 |       0 |   0.0 |      24 |       0 |   0.0
    Swamp:2 |    6341 |       0 |   0.0 |      19 |       0 |   0.0
    Swamp:3 |   21217 |       0 |   0.0 |      48 |       0 |   0.0
   Spider:1 |    1545 |       0 |   0.0 |       7 |       0 |   0.0
      Orc:1 |    3490 |    9248 |  72.6 |      25 |      15 |  37.5
      Orc:2 |    4112 |   14023 |  77.3 |      30 |      30 |  50.0
      Elf:1 |   25006 |    7925 |  24.1 |      42 |      17 |  28.8
      Elf:2 |   12764 |    2085 |  14.0 |      21 |       3 |  12.5
      IceCv |       0 |    9265 | 100.0 |       0 |      36 | 100.0
            +---------+---------+-------+---------+---------+-------
